 Dungeon Crawl Stone Soup version 0.27.1-33-g824d729ab1 (webtiles) character file.

Game seed: 15818442752012048751

522 MisterFreud the Cleaver (level 7, -1/58 HPs)
             Began as a Hill Orc Abyssal Knight on Dec 20, 2021.
             Was a Believer of Lugonu.
             Killed by nerve-wracking pain
             ... invoked by Menkaure
              (6 damage)
             ... on level 5 of the Dungeon.
             The game lasted 00:08:22 (6371 turns).

MisterFreud the Cleaver (Hill Orc Abyssal Knight)   Turns: 6371, Time: 00:08:23

Health: -1/58      AC:  9    Str: 23    XL:     7   Next: 22%
Magic:  8/8        EV:  8    Int: 12    God:    Lugonu [**....]
Gold:   76         SH:  4    Dex: 10    Spells: 6/6 levels left

rFire    . . .     SeeInvis .   a - +1 hand axe
rCold    . . .     Faith    .   q - +0 buckler
rNeg     . . .     Spirit   .   s - +0 chain mail
rPois    .         Reflect  .   (no helmet)
rElec    .         Harm     .   (no cloak)
rCorr    .         Rampage  .   (no gloves)
Will     .....                  (no boots)
Stlth    ..........             (no amulet)
HPRegen  0.19/turn              y - +6 ring of strength
MPRegen  0.11/turn              (no ring)

@: no status effects
A: no striking features
a: Renounce Religion, Depart the Abyss, Bend Space


You were on level 5 of the Dungeon.
You worshipped Lugonu.
Lugonu was pleased with you.
You visited 1 branch of the dungeon, and saw 5 of its levels.
You visited the Abyss 1 time.

You collected 76 gold pieces.

Inventory:

Hand Weapons
 a - a +1 hand axe (weapon)
Missiles
 i - 3 silver javelins
 r - 4 boomerangs
 t - 2 throwing nets
 v - 7 poisoned darts (quivered)
Armour
 b - a +0 leather armour
 q - a +0 buckler (worn)
 s - a +0 chain mail (worn)
Jewellery
 y - a +6 ring of strength (left hand)
Scrolls
 d - a scroll of enchant weapon {unknown}
 f - a scroll of vulnerability {unknown}
 h - a scroll of brand weapon {unknown}
 j - a scroll of noise {unknown}
 k - a scroll of fear
 l - 2 scrolls of fog
 o - a scroll of immolation {unknown}
 x - a scroll of teleportation {unknown}
Potions
 c - a potion of invisibility
 e - a potion of flight
 p - a potion of berserk rage {unknown}
 u - a potion of ambrosia {unknown}
 w - a potion of brilliance {unknown}


   Skills:
 - Level 3.7 Fighting
 * Level 8.2 Axes
 + Level 3.8 Armour
 - Level 0.7 Dodging
 + Level 3.3 Shields
 - Level 2.4 Invocations


You had 6 spell levels left.
You didn't know any spells.
Your spell library contained the following spells:

 Spells                   Type           Power      Damage    Failure   Level
 Apportation              Tloc           0%         N/A       95%         1
 Sandblast                Erth           0%         2d4       95%         1
 Passwall                 Tmut/Erth      0%         N/A       99%         2
 Alistair's Intoxication  Tmut/Pois      0%         N/A       100%        5
 Bolt of Magma            Conj/Fire/Erth 0%         4d4       100%        5
 Fireball                 Conj/Fire      0%         3d3       100%        5
 Lee's Rapid Deconstruct  Erth           0%         3d5*      100%        5
 Invisibility             Hex            0%         N/A       100%        6
 Fire Storm               Conj/Fire      0%         5d1       100%        9


Dungeon Overview and Level Annotations

Branches:
Dungeon (5/15)             Temple (0/1) D:4

Altars:

Annotations:
D:5 Menkaure


Message History

Your body is wracked with pain!
You block Menkaure's attack. You block Menkaure's attack.
Menkaure points at you and mumbles some strange words.
You struggle to resist.
Menkaure hums in an indecipherable tongue.
There is a stone staircase leading up here.
You hit Menkaure.
Menkaure is lightly damaged.
Menkaure closely misses you.
Your chain mail prevents you from hitting Menkaure.
Menkaure is lightly damaged.
You block Menkaure's attack.
You hit Menkaure.
Menkaure is moderately damaged.
Menkaure calls on the powers of darkness!
Your body is wracked with pain!
* * * LOW HITPOINT WARNING * * *
Unknown command.
Menkaure gestures at you while chanting.
Pain shoots through your body!
* * * LOW HITPOINT WARNING * * *
Menkaure calls on the powers of darkness!
Your body is wracked with pain!
* * * LOW HITPOINT WARNING * * *
There is a stone staircase leading up here.
Menkaure points at you and mumbles some strange words.
Pain shoots through your body!
* * * LOW HITPOINT WARNING * * *
Okay, then.
Unknown command.
Unknown command.
Menkaure calls on the powers of darkness!
Your body is wracked with pain!
* * * LOW HITPOINT WARNING * * *
Menkaure gestures at you while chanting.
You struggle to resist.
Menkaure gestures at you while chanting.
Pain shoots through your body!
You die...

...............#
............#. #
............##.#
.#.....##...##.###############
##.##.#......................
#..........###......########
##....#.........##..#
........#..........<..#
..#........#.###@.##.##
....###...##.#...###..# ....
#.....#.M.### ##.#
#.............## .# ..
....##...### .# ......... .#
##.#.. .# #.##. . ..


You could see Menkaure (fast).

Vanquished Creatures
  A water moccasin (D:4)
  An orc priest (D:2)
  2 gnoll shamans (D:4)
  A bullfrog skeleton (D:4)
  A centaur skeleton (D:5)
  2 iguanas (D:4)
  11 gnolls
  An adder skeleton (D:4)
  2 worms (D:2)
  6 orcs
  12 ball pythons
  5 endoplasms
  5 giant cockroaches
  9 hobgoblins
  5 jackals (D:4)
  5 quokkas
  12 bats
  3 frilled lizards (D:1)
  11 goblins
  6 kobolds
  5 rats
106 creatures vanquished.

Notes
Turn   | Place    | Note
-------+----------+-------------------------------------------
     0 | Abyss:1  | MisterFreud the Hill Orc Abyssal Knight began the quest for
                  | the Orb.
     0 | Abyss:1  | Reached XP level 1. HP: 19/19 MP: 2/2
    11 | Abyss:1  | Found a corrupted altar of Lugonu.
   121 | Abyss:1  | Noticed a small abomination
   122 | D:1      | Escaped the Abyss
   261 | D:1      | Reached skill level 3 in Axes
   323 | D:1      | Reached XP level 2. HP: 27/27 MP: 3/3
   386 | D:1      | Reached * piety under Lugonu
   387 | D:1      | Reached skill level 4 in Axes
   636 | D:1      | Reached XP level 3. HP: 32/33 MP: 4/4
  1527 | D:1      | Reached skill level 5 in Axes
  1662 | D:2      | Reached ** piety under Lugonu
  2076 | D:2      | Reached XP level 4. HP: 40/40 MP: 5/5
  2105 | D:2      | Found a faded altar of an unknown god.
  2423 | D:2      | Reached skill level 6 in Axes
  2423 | D:2      | Reached skill level 1 in Shields
  2836 | D:2      | Reached XP level 5. HP: 6/46 MP: 6/6
  2840 | D:2      | HP: 3/69 [poisoned by a gnoll]
  2843 | D:2      | HP: 1/69 [poisoned by a gnoll]
  3773 | D:3      | Reached skill level 7 in Axes
  3773 | D:3      | Reached XP level 6. HP: 24/52 MP: 7/7
  5396 | D:4      | Noticed a water moccasin
  5405 | D:4      | Killed a water moccasin
  5406 | D:4      | Reached XP level 7. HP: 45/58 MP: 8/8
  5695 | D:4      | Reached *** piety under Lugonu
  5747 | D:4      | Reached skill level 8 in Axes
  6190 | D:4      | Found a staircase to the Ecumenical Temple.
  6289 | D:5      | Entered Level 5 of the Dungeon
  6332 | D:5      | Got the Reference Book on Attacks
  6334 | D:5      | Noticed Menkaure
  6371 | D:5      | Killed from afar by Menkaure

Illustrated notes

Levels and vault maps discovered:
D:1:      minmay_arrival_plants_in_alcoves, layout_loops_corners
D:2:      layout_rooms, basic_ecumenical_altar, serial_park_tiny_1,
          solitary_fountain
D:3:      layout_basic, interstate_on_off
D:4:      layout_loops_cross, minmay_temple_entry_poolview
D:5:      minmay_diamond_boxcup, layout_rooms,
          lemuel_mausoleum_altar_kikubaaqudgha, nicolae_vehumet_altar_sigil,
          uniq_crazy_yiuf_cottage, uniq_menkaure

Skill      XL: |  1  2  3  4  5  6  7 |
---------------+----------------------+-----
Axes           | 3 4 5 6 7 8 |  8.2
Shields        | 1 2 3 |  3.3
Armour         | 3 |  3.8
Fighting       | |  3.7
Dodging        | |  0.7
Invocations    | |  2.4

Action                   |  1- 3 |  4- 6 |  7- 9 || total
-------------------------+-------+-------+-------++-------
Melee: Hand axe          |   160 |   198 |    42 ||   400
Throw: Dart              |       |       |     4 ||     4
Invok: Depart the Abyss  |     1 |       |       ||     1
  Use: Potion            |       |     5 |       ||     5
       Scroll            |       |     5 |       ||     5
Armor: Leather armour    |    54 |     5 |       ||    59
       Chain mail        |       |    66 |     8 ||    74
       Skin              |       |     9 |       ||     9
Dodge: Dodged            |   129 |    56 |    11 ||   196
Block: Buckler           |       |    24 |     7 ||    31
